 Dungeon Crawl Stone Soup version 0.21.1-1-g345015f (webtiles) character file.

203 vatarom the Caller (level 5, 0/42 HPs)
             Began as a Merfolk Summoner on Apr 12, 2018.
             Succumbed to a scorpion's poison
             ... on level 4 of the Dungeon.
             The game lasted 00:07:17 (3872 turns).

vatarom the Caller (Merfolk Summoner)               Turns: 3872, Time: 00:07:18

Health: 0/42       AC:  5    Str:  9    XL:     5   Next: 81%
Magic:  2/8        EV: 12    Int: 15    God:
Gold:   170        SH:  3    Dex: 14    Spells: 2/8 levels left

rFire    . . .     SeeInvis .   a - +1 trident
rCold    . . .     Gourm    .   (no shield)
rNeg     . . .     Faith    .   l - +2 leather armour {rPois}
rPois    +         Spirit   .   (no helmet)
rElec    .         Reflect  +   (no cloak)
rCorr    .         Harm     .   (no gloves)
MR       .....                  (no boots)
Stlth    ++........             e - +3 amulet of reflection
HPRegen  0.14/turn              (no ring)
MPRegen  0.11/turn              (no ring)

@: lethally poisoned (0 -> -16)
A: change form in water, swift swim, stealthy swim
a: no special abilities


You were on level 4 of the Dungeon.
You were hungry.

You visited 1 branch of the dungeon, and saw 4 of its levels.

You collected 170 gold pieces.

Inventory:

Hand Weapons
 a - a +1 trident (weapon)
Armour
 l - a +2 leather armour of poison resistance (worn)
Jewellery
 e - a +3 amulet of reflection (around neck)
 f - an uncursed ring of see invisible {unknown}
 n - a +2 ring of strength {unknown}
Scrolls
 d - 2 scrolls of identify
 g - 2 scrolls of immolation
 h - 2 scrolls of remove curse
 m - a scroll of enchant weapon
Books
 b - a book of Callings

   Spells                             Type                      Level
   a - Summon Small Mammal            Summoning                    1
   b - Call Imp                       Summoning                    2
   c - Call Canine Familiar           Summoning                    3
   d - Summon Guardian Golem          Hexes/Summoning              3
   e - Summon Lightning Spire         Summoning/Air                4
   f - Summon Ice Beast               Ice/Summoning                4
Comestibles
 c - 4 rations


   Skills:
 + Level 4.2 Fighting
 * Level 2.3 Polearms
 - Level 2.6 Dodging
 - Level 2.1 Stealth
 - Level 2.1 Spellcasting
 + Level 5.0 Summonings


You had 2 spell levels left.
You knew the following spells:

 Your Spells              Type           Power        Failure   Level  Hunger
a - Summon Small Mammal   Summ           ###.         3%          1    #......
b - Call Imp              Summ           ###.....     6%          2    ###....
c - Call Canine Familiar  Summ           ###.....     12%         3    ###....


Dungeon Overview and Level Annotations

Branches:
Dungeon (4/15)
 Temple: D:4-7

Altars:
Fedhas
Trog

Annotations:
D:2 Purgy


Message History

You are lethally poisoned!
The scorpion poisons you!
Your hound bites the scorpion but does no damage.
Unknown command.
You aren't carrying any potions.
Casting: Call Canine Familiar
Confirm with . or Enter, or press ? or * to list all spells.
A beastly little devil appears in a puff of flame.
You are feeling hungry.
You feel sick.
Your hound bites the scorpion.
The scorpion stings you.
* * * LOW HITPOINT WARNING * * *
Unknown command.
Casting: Call Imp
Confirm with . or Enter, or press ? or * to list all spells.
A beastly little devil appears in a puff of flame.
* * * LOW HITPOINT WARNING * * *
You feel sick.
Your hound closely misses the scorpion.
The scorpion stings you!
* * * LOW HITPOINT WARNING * * *
Your hound bites the scorpion.
You die...

## ##### #. ...#
#.#####.#######
####.....5.......###
#...[[).#.s###..)..#
#.##.##.#@h# #.#.#.#
#.##.5..# #.#.#.##
#.......# #.#....#
#.#####.# #.###..#
#. ..# #.###(.# ##
#### #......#
###.###### ######.#
#........# ###.#
......... #.(.#


You could see a scorpion, a friendly hound and 2 friendly crimson imps.

Vanquished Creatures
  A sky beast (D:2)
  3 adders
  2 dart slugs (D:2)
  A leopard gecko (D:1)
  4 orcs
  4 giant cockroaches
  3 goblins
  2 hobgoblins
  A jackal (D:2)
  A kobold (D:3)
  4 bats
  3 frilled lizards
  2 rats
31 creatures vanquished.

Vanquished Creatures (collateral kills)
  A bullfrog skeleton (D:3)
  3 adders
  A worm (D:3)
  A dart slug (D:3)
  4 orcs
  4 bats
  A giant cockroach (D:4)
  4 goblins (D:1)
  7 hobgoblins
  3 jackals (D:2)
  A quokka (D:2)
  6 kobolds
  A rat (D:2)
37 creatures vanquished.

Grand Total: 68 creatures vanquished

Notes
Turn   | Place    | Note
-------+----------+-------------------------------------------
     0 | D:1      | vatarom the Merfolk Summoner began the quest for the Orb.
     0 | D:1      | Reached XP level 1. HP: 13/13 MP: 3/3
   548 | D:1      | Reached XP level 2. HP: 19/20 MP: 5/5
   552 | D:1      | Learned a level 2 spell: Call Imp
   644 | D:1      | Reached skill level 1 in Fighting
  1215 | D:2      | Found a blossoming altar of Fedhas.
  1369 | D:2      | Reached XP level 3. HP: 9/27 MP: 0/6
  1441 | D:2      | Learned a level 3 spell: Call Canine Familiar
  1937 | D:2      | Noticed a sky beast
  1978 | D:2      | Killed a sky beast
  1978 | D:2      | Reached XP level 4. HP: 37/37 MP: 1/7
  1978 | D:2      | Reached XP level 5. HP: 42/42 MP: 1/8
  3035 | D:3      | Noticed Purgy
  3111 | D:3      | Reached skill level 1 in Polearms
  3111 | D:3      | Reached skill level 5 in Summonings
  3174 | D:3      | Found a bloodstained altar of Trog.
  3871 | D:4      | HP: 1/42 [scorpion (9)]
  3872 | D:4      | Succumbed to a scorpion's poison

Skill      XL: |  1  2  3  4  5 |
---------------+----------------+-----
Fighting       | 2 3 4 |  4.2
Polearms       | 2 |  2.3
Summonings     | 5 |  5.0
Dodging        | |  2.6
Stealth        | |  2.1
Spellcasting   | |  2.1

Action                   |  1- 3 |  4- 6 || total
-------------------------+-------+-------++-------
Melee: Dagger            |   123 |    21 ||   144
       Unarmed           |     2 |       ||     2
       Trident           |       |    81 ||    81
 Cast: Summon Small Mamm |     9 |       ||     9
       Call Imp          |    12 |     6 ||    18
       Call Canine Famil |     5 |    10 ||    15
  Use: Scroll            |     4 |     3 ||     7
       Potion            |     2 |     3 ||     5
 Stab: Sleeping          |     4 |     3 ||     7
       Distracted        |     2 |     2 ||     4
  Eat: Chunk             |     5 |     1 ||     6
       Ration            |       |     2 ||     2
Armor: Robe              |    26 |       ||    26
       Leather armour    |    22 |    36 ||    58
Dodge: Dodged            |   126 |    75 ||   201
Block: Other             |       |     5 ||     5
